AoeStats
← Mjaguar

Arabia

509657020Analyzed
2v2 RM · 4d ago on Sep 27, 2026· 47m 23s· 4 players
Game mode
Random Map
Map size
Medium (4 player)
Population
200
Speed
Normal
Resources
Standard
Victory
Conquest
Starting age
Dark Age
Ending age
Imperial Age
RankedLock teamsTeams togetherTeam positionsShared explorationLock speedFull tech treeHidden civsTurbo modeCheats
Victory
Defeat
🇺🇸 Goths · United States
1011
+17
🇺🇸 Saxons · United States
1010
+17
🇪🇸 Magyars · Spain
1064
-18
🇪🇸 Aztecs · Spain
1008
-16
ThePerfectName
3:39 Loom
9:12 Feudal Age
10:50 Double-Bit Axe
11:46 Man-at-Arms
19:17 Scale Mail Armor
20:19 Forging
24:30 Castle Age
26:58 Squires
30:45 Pikeman
35:29 Chain Mail Armor
38:54 Iron Casting
EmperorGoob
9:15 Feudal Age
9:28 Loom
21:06 Castle Age
19:27 Arson
19:46 Double-Bit Axe
19:57 Gold Mining
21:09 Pikeman
21:56 Scale Mail Armor
23:47 Town Watch
24:51 Gambesons
26:08 Forging
34:58 Squires
37:42 Imperial Age
44:45 Padded Archer Armor
47:17 Leather Archer Armor
46:52 Fletching
KnGrathy
0:34 Loom
11:28 Feudal Age
13:25 Double-Bit Axe
14:25 Arson
17:37 Castle Age
18:15 Gold Mining
22:39 Horse Collar
25:36 Squires
25:39 Gambesons
30:11 Scale Mail Armor
30:46 Bow Saw
30:38 Heavy Plow
32:56 Chain Mail Armor
34:08 Forging
36:40 Iron Casting
45:57 Eagle Warrior
Mjaguar
7:07 Loom
9:23 Feudal Age
11:46 Scale Barding Armor
15:53 Bloodlines
21:45 Castle Age
20:41 Double-Bit Axe
20:38 Horse Collar
21:21 Fletching
21:31 Padded Archer Armor
22:41 Bodkin Arrow
23:01 Leather Archer Armor
24:15 Husbandry
29:54 Thumb Ring
39:55 Imperial Age
Connection lost

Rejoining the realm…

Still unreachable

The connection could not be restored.

Session expired

The server has moved on; the page needs a fresh start.